 Dungeon Crawl Stone Soup version 0.29-a0-344-ge2f44be95a (webtiles) character file.

Game seed: 4804504392223451650

53 Majang the Insei (level 3, 0/30 HPs)
             Began as a Tengu Transmuter on Apr 22, 2022.
             Killed from afar by Grinder (5 damage)
             ... with a puff of flame
             ... on level 3 of the Dungeon.
             The game lasted 00:05:22 (2056 turns).

Majang the Insei (Tengu Transmuter)                 Turns: 2056, Time: 00:05:23

Health: 0/30       AC: 21    Str: 12    XL:     3   Next: 89%
Magic:  5/7        EV:  2    Int: 13    God:
Gold:   119        SH:  0    Dex: 14    Spells: 3/6 levels left

rFire   . . .      SeeInvis .     - Unarmed
rCold   . . .      Faith    .   (no shield)
rNeg    . . .      Spirit   .   (body armour currently unavailable)
rPois   +          Reflect  .   (helmet currently unavailable)
rElec   .          Harm     .   (cloak currently unavailable)
rCorr   .          Rampage  .   (gloves currently unavailable)
Will    .....      NoTele   +   (boots unavailable)
Stlth   +.........              (no amulet)
HPRegen 0.10/turn               (no ring)
MPRegen 0.10/turn               (no ring)

@: tree-form
A: stationary, stasis, torment immunity, boosted hp, (beak), (talons 3)
a: no special abilities


You were on level 3 of the Dungeon.
You were a tree.
You visited 1 branch of the dungeon, and saw 3 of its levels.

You collected 179 gold pieces.
You spent 60 gold pieces at shops.

Inventory:

Hand Weapons
 n - a +0 lajatang
Armour
 a - a +0 robe (melded)
 g - a +0 cloak (melded)
Jewellery
 e - an amulet of faith
Scrolls
 c - 2 scrolls of vulnerability {unknown}
 d - 2 scrolls of teleportation
 h - a scroll of amnesia {unknown}
 i - 3 scrolls of identify
 k - a scroll of enchant weapon {unknown}
 l - a scroll of magic mapping {unknown}
 m - a scroll of enchant armour {unknown}
Potions
 j - a potion of resistance {unknown}
 o - a potion of invisibility {unknown}


   Skills:
 - Level 1.0 Fighting
 - Level 2.1 Dodging
 * Level 4.1 Unarmed Combat
 + Level 2.4 Spellcasting
 * Level 2.4 Transmutations


You had 3 spell levels left.
You knew the following spells:

 Your Spells              Type           Power      Damage    Failure   Level
a - Beastly Appendage     Tmut           14%        N/A       9%          1
b - Wereblood             Tmut           7%         N/A       14%         2

Your spell library contained the following spells:

 Spells                   Type           Power      Damage    Failure   Level
 Spider Form              Tmut/Pois      4%         N/A       41%         3
 Tukima's Dance           Hex            1%         N/A       58%         3
 Ice Form                 Ice/Tmut       4%         N/A       83%         4
 Anguish                  Hex/Necr       0%         N/A       94%         4
 Enfeeble                 Hex            0%         N/A       100%        7


Dungeon Overview and Level Annotations

Branches:
Dungeon (3/15)

Altars:
Hepliaklqana

Shops:
D:2 ?

Annotations:
D:3 Grinder


Innate Abilities, Weirdness & Mutations

You are a tree.
Your roots penetrate the ground, keeping you stationary.
You cannot be teleported.
You are immune to unholy pain and torment.
Your maximum health is greatly increased.
Your equipment is partially melded.
((You have a beak for a mouth.))
((You have claws for feet.))


Message History

Grinder opens the door.
She is carrying a wand of flame (16).
Casting: Beastly Appendage (safe; 9% risk of failure)
Confirm with . or Enter, or press ? or * to list all spells.
You extend your transformation's duration.
Your magical contamination has completely faded away.
You barely miss Grinder. You claw Grinder. You headbutt Grinder!
Grinder is moderately wounded.
Grinder hits you.
You hit Grinder but do no damage. Your kick misses Grinder.
You headbutt Grinder. You peck Grinder.
Grinder is heavily wounded.
Grinder gestures at you. Pain shoots through your body!
You barely miss Grinder. You peck Grinder.
Grinder is heavily wounded.
Grinder hits you.
* * * LOW HITPOINT WARNING * * *
You writhe in agony.
* * * LOW HITPOINT WARNING * * *
Unknown command.
Really quaff the potion of lignification?
Your horns disappear.
You turn into a tree.
Your +0 cloak melds into your body.
Your +0 robe melds into your body.
Your roots penetrate the ground.
Grinder hits you but does no damage.
You smack Grinder!
Grinder is almost dead.
Grinder hits you but does no damage.
You hit Grinder.
Grinder is almost dead.
Grinder gestures at you.
You suddenly lose the ability to move!
Grinder blinks!
Grinder zaps a wand.
The puff of flame hits you but does no damage.
Grinder says, "I used to sell toenails on the black market."
You can move again.
You cannot move.
Grinder zaps a wand.
The puff of flame hits you.
You die...

K...######............# .
........##......#..>..+
........#.....#.#.....#
........#.....'......##
......#.....#.#....#
#....###..<..#....#
#...5.##.....#......
...##...†###....##########♣
........†'♣...............♣
........†##...............♣
#..(....###...............P
#......§# #...............♣
#.......# #................
#.......# #................
#.......# #.......#########
##+###+## #.......#
#########


You could see Grinder.

Vanquished Creatures
  2 adders
  4 endoplasms
  4 giant cockroaches
  A goblin (D:1)
  4 hobgoblins (D:1)
  A quokka (D:3)
  5 ball pythons
  5 bats
  3 frilled lizards
  3 kobolds
  4 rats
36 creatures vanquished.

Notes
Turn   | Place    | Note
-------+----------+-------------------------------------------
     0 | D:1      | Majang the Tengu Transmuter began the quest for the Orb.
     0 | D:1      | Reached XP level 1. HP: 12/12 MP: 4/4
   257 | D:1      | Reached XP level 2. HP: 16/16 MP: 6/6
  1217 | D:2      | Learned a level 2 spell: Wereblood
  1256 | D:2      | Found Feakoska's Magic Scroll Shoppe.
  1259 | D:2      | Bought a scroll of identify for 24 gold pieces
  1259 | D:2      | Bought a scroll of teleportation for 36 gold pieces
  1455 | D:2      | Reached XP level 3. HP: 17/20 MP: 7/7
  1790 | D:3      | Found a hazy altar of Hepliaklqana.
  1924 | D:3      | Reached skill level 4 in Unarmed Combat
  2012 | D:3      | Noticed Grinder
  2034 | D:3      | Paralysed by Grinder for 3 turns
  2049 | D:3      | Paralysed by Grinder for 6 turns
  2056 | D:3      | Killed from afar by Grinder

Illustrated notes

Levels and vault maps discovered:
D:1:      dpeg_arrival_arbitrary_b, layout_loops_corners, st_stairs_11
D:2:      layout_loops_cross, serial_shops,
          nicolae_shop_competitors_out_of_business, minmay_split_cup_small
D:3:      layout_basic, nicolae_overflow_crystal_walls, serial_bayou_lake_a,
          uniq_grinder

Skill      XL: |  1  2  3 |
---------------+----------+-----
Transmutations | 2 |  2.4
Unarmed Combat | 4 |  4.1
Fighting       | |  1.0
Dodging        | |  2.1
Spellcasting   | |  2.4

Action                   || total
-------------------------++-------
Melee: Unarmed           ||   112
       Kick              ||    22
       Peck              ||     9
       Headbutt          ||     7
       Punch             ||     4
 Cast: Beastly Appendage ||    10
  Use: Potion            ||     3
 Stab: Sleeping          ||     2
Armor: Robe              ||    38
       Skin              ||     3
Dodge: Dodged            ||    76

Table legend: (Time is in decaauts)
 A = Elapsed time spent in this place.
 B = Non-inter-level travel time spent in this place.
 C = Inter-level travel time spent in this place.
 D = Time resting spent in this place.
 E = Time spent auto-exploring this place.
 F = Levels seen in this place.
 G = Mean time per level.
                   A        B        C        D        E       F      G
               +--------+--------+--------+--------+--------+-----+--------+
         Total |   2047 |   2022 |     25 |    129 |   1539 |   3 |  682.3 |
       Dungeon |   2047 |   2022 |     25 |    129 |   1539 |   3 |  682.3 |
               +--------+--------+--------+--------+--------+-----+--------+

Top non-repeatable levels by time:
     D:1: 918 daAuts
     D:2: 864 daAuts
     D:3: 265 daAuts
